Unix NetHack Version 5.0.0-0 post-release - last build Jun 10 2026 00:39:30 (3ee93aec679c4c4259841fe613dc97188e26a321,branch:main).

Game began 2026-06-12 01:16:42, ended 2026-06-12 15:44:09.

IanCurtis, chaotic male elven Wizard

                                                       -----  ----------  ---
                                     -----       -----.....----........|..|(|
                                   ---...---    --..|...--......|...{..-..-||
                                  --.......-----|...|.... --------.....|....|
                                  |.........--..|......          |.--|-------
                                  ---...*.......|-f..|           |.|...|
                                     ..........--.h@.|    -      |.|...-.
                                  ..|-..[.|........---           |.-------
                                  .%---[..|.--..|.@.|..          |.......-
              ---      ----     ---......-|.|-----.....---       ------...|
              |.|      |...|...........---|.|............|        %/? |...|
             --.|      -.........(.-----  |.|..||...{....|---      .. |..--
             |).|    .........---.-    ---|.-..||.......-|..--------|--..--
         -----..|    |.....---  |.|    |..|..----........-...............)|
       ---.|....|    --...--    |.|    |....|    -%-+-.....-|--........--||
    ---.........|     |^.--   ---.---  |..-.|   --.[.|..--.|..|-..-..--|..|
   --.|-.....----     |..|    |..)[.|  .-----  --....|---  ...|...|-.|.+..|
  --..|....|.---------|%.|    |.[_).| # (######.>....|      .|.--..-..---+|
  |)..).---|.........--..|    |......####      -------      |.............|
  |<..--   ------.......--    ....---                       -----------.---
  -----             -----
IanCurtis the Thaumaturge  St:12 Dx:15 Co:15 In:20 Wi:13 Ch:7  Chaotic
Dlvl:8  $:40 HP:0(53) Pw:81(95) AC:6  Xp:8 T:5921  Hungry   Burdened

Latest messages:
 The large cat bites the gnome lady.
 The large cat bites the gnome lady.
 The gnome lady misses the large cat.
 You hit the gnome lady.
 The gnome lady hits!
 The large cat bites the gnome lady.
 The gnome lady is killed!
 You see here a pair of hard shoes.
 You see here a leash.
 The large cat bites the watchman.
 The watchman wields a spear!
 The large cat misses the watchman.
 Please move the cursor to a monster, object or location.
 (For instructions type a '?')
 The large cat bites the watchman.
 The large cat bites the watchman.
 The large cat misses the watchman.
 The large cat misses the watchman.
 The large cat misses the watchman.
 The large cat misses the watchman.
 The large cat misses the forest centaur.
 The large cat bites the forest centaur.
 The forest centaur hits the large cat.
 The forest centaur misses the large cat.
 The large cat bites the forest centaur.
 The forest centaur misses the large cat.
 The forest centaur misses the large cat.
 You hear some noises.
 The large cat bites the forest centaur.
 You swap places with the peaceful watchman.
 The dwarf lady wields a broad short sword!
 You hear bubbling water.
 In what direction? h
 The spell misses the dwarf lady.
 In what direction? h
 The spell misses the dwarf lady.
 The dwarf lady thrusts her broad short sword.
 The dwarf lady hits!
 The dwarf lady thrusts her broad short sword.
 The dwarf lady hits again!
 You miss the dwarf lady.
 You hit the dwarf lady.
 The dwarf lady thrusts her broad short sword.
 The dwarf lady hits!
 The dwarf lady thrusts her broad short sword.
 The dwarf lady hits again!
 The dwarf lady thrusts her broad short sword.
 The dwarf lady hits!
 You die...
 Do you want your possessions identified? [ynq] (y) q

Inventory:
 Coins    ('$')
  $ - 40 gold pieces
 Amulets  ('"')
  C - an uncursed amulet of reflection
 Weapons  (')')
  F - the +0 Sting
  a - a blessed +1 quarterstaff (weapon in hands)
 Armor    ('[')
  x - an uncursed +0 orcish helm (being worn)
  B - a cursed +0 pair of speed boots named cursed
  b - a blessed +2 cloak of magic resistance (being worn)
 Comestibles  ('%')
  E - an uncursed clove of garlic
  i - an uncursed food ration
  Z - an uncursed lizard corpse
 Scrolls  ('?')
  V - 2 blessed scrolls of blank paper
  I - an uncursed scroll of create monster
  z - an uncursed scroll of destroy armor
  D - 3 uncursed scrolls of enchant weapon
  U - a cursed scroll of enchant weapon
  N - an uncursed scroll of food detection
  j - 2 uncursed scrolls of genocide
  P - 3 uncursed scrolls of identify named identify
  R - an uncursed scroll of magic mapping
 Potions  ('!')
  X - a blessed potion of extra healing
  f - 2 uncursed potions of gain ability
  Q - an uncursed potion of gain energy
  t - 4 uncursed potions of healing
  H - 3 cursed potions of healing
  p - an uncursed potion of levitation
  u - a cursed potion of levitation
  w - an uncursed potion of monster detection
  q - an uncursed potion of restore ability
  h - an uncursed potion of see invisible
  r - 2 uncursed potions of water
 Rings    ('=')
  e - an uncursed ring of fire resistance
  O - an uncursed ring of fire resistance
  K - an uncursed ring of free action
  v - a cursed -1 ring of increase damage named cursed
  A - an uncursed ring of poison resistance
  m - a cursed ring of polymorph
  l - an uncursed ring of polymorph control
 Wands    ('/')
  S - a wand of create monster (0:12)
  T - a wand of locking (0:7)
  y - a wand of opening (0:5)
  c - a wand of slow monster (0:8)
  s - a wand of undead turning (0:6)
 Tools    ('(')
  o - an uncursed leather drum
  k - an uncursed lock pick
  n - a magic marker (0:22)
  d - a +0 pick-axe
  M - a +0 unicorn horn

IanCurtis the Wizard's attributes:

Background:
 You were a Thaumaturge, a level 8 male elven Wizard.
 You were chaotic, on a mission for Anhur
 who was opposed by Ptah (lawful) and Thoth (neutral).
 You were right-handed.
 You were in the Gnomish Mines, on level 8.
 You entered the dungeon 5921 turns ago.
 You had 1365 experience points, 1195 more were needed to attain level 9.

Basics:
 You had 0 out of 53 hit points.
 You had 81 out of 95 energy points (spell power).
 Your armor class was 6.
 Your wallet contained 40 zorkmids.
 Autopickup was off.

Final Characteristics:
 Your strength was 12 (limit:18).
 Your dexterity was 15 (limit:18).
 Your constitution was 15 (limit:16).
 Your intelligence was 20 (limit:20).
 Your wisdom was 13 (limit:20).
 Your charisma was 7 (limit:18).

Final Status:
 You were hungry.
 You were burdened; movement was slightly slowed.
 You were wielding a quarterstaff.
 You were skilled in quarterstaff.

Final Attributes:
 You were piously aligned.
 You were magic-protected.
 You were sleep resistant.
 You had infravision.
 You were warded.
 You are dead.

Miscellaneous:
 You didn't encounter any bones levels.
 Total elapsed playing time was 1 hour, 18 minutes and 48 seconds.

Major events:
 Turn
    1: IanCurtis the chaotic male elven Wizard entered the dungeon
  303: attained the rank of Conjurer (level 3)
 1676: entered the Gnomish Mines
 2529: attained the rank of Thaumaturge (level 6)
 3252: entered Sokoban
 4105: reached Mine Town
 5084: chose an elven dagger to be named "Sting"
 5921: killed by a dwarf lady

Spells:
 Name                 Level Category     Fail Retention
 force bolt             1   attack         0%   71%-75%
 cure sickness          3   healing       66%   51%-75%
 healing                1   healing        0%  76%-100%

Skills:
 Fighting Skills
   bare handed combat [Unskilled]
   riding             [Unskilled]
 Weapon Skills
   dagger             [Basic]
   knife              [Unskilled]
   axe                [Unskilled]
   short sword        [Unskilled]
   club               [Unskilled]
   mace               [Unskilled]
   quarterstaff       [Skilled]
   polearms           [Unskilled]
   spear              [Unskilled]
   trident            [Unskilled]
   sling              [Unskilled]
   dart               [Unskilled]
   shuriken           [Unskilled]
 Spellcasting Skills
   attack spells      [Skilled]
   healing spells     [Unskilled]
   divination spells  [Unskilled]
   enchantment spells [Basic]
   clerical spells    [Unskilled]
   escape spells      [Unskilled]
   matter spells      [Unskilled]

Voluntary challenges:
 Character rerolling was not enabled.
 You never genocided any monsters.
 You never polymorphed an object.
 You never changed form.
 You used no wishes.
 You did not violate any of the special Sokoban rules.
Achievements:
 You attained the rank of Conjurer.
 You entered a shop.
 You entered the Gnomish Mines.
 You attained the rank of Thaumaturge.
 You entered Sokoban.
 You entered Minetown.
 You entered a temple.

 The Dungeons of Doom: levels 1 to 8
    Level 1:
    Level 2:
       A general store.
    Level 3:
       A scroll shop, many altars.
    Level 4:
       Many fountains, a grave, many trees.
       Stairs down to The Gnomish Mines.
    Level 5: "vault"
    Level 6:
    Level 7:
       Stairs up to Sokoban, level 6.
    Level 8:
       A fountain.
 The Gnomish Mines: levels 5 to 8
    Level 5:
    Level 6:
    Level 7:
    Level 8: <- You were here.
       A temple and an altar, some fountains.
       Final resting place for
          you, killed by a dwarf lady.
 Sokoban:
    Level 6:
       Unsolved.


Vanquished creatures:
  a gargoyle
  a giant spider
  a horse
  a forest centaur
  a dwarf mummy
  a lizard
  a gray unicorn
  3 dust vortices
  5 water moccasins
  4 human zombies
  2 rope golems
  a Woodland-elf
  4 fog clouds
  2 yellow lights
  a shrieker
  2 violet fungi
 10 gnome leaders
  2 gnomish wizards
  a gray ooze
  a straw golem
  a paper golem
  6 giant ants
  a little dog
  2 kittens
  7 dwarves
  a kobold leader
  4 rothes
  2 giant bats
  2 orc zombies
  2 dwarf zombies
  a wererat
  3 werejackals
  2 iguanas
  3 acid blobs
  a coyote
  4 hobbits
  a large kobold
  a hobgoblin
  a brown mold
  a yellow mold
 27 gnomes
  2 garter snakes
  2 geckos
  5 jackals
  2 foxes
  a kobold
  3 goblins
  4 sewer rats
  4 grid bugs
  2 lichens
  a kobold zombie
  6 newts
150 creatures vanquished.

No species were genocided or became extinct.

Game over:
                       ----------
                      /          \
                     /    REST    \
                    /      IN      \
                   /     PEACE      \
                  /                  \
                  |    IanCurtis     |
                  |      40 Au       |
                  |   killed by a    |
                  |    dwarf lady    |
                  |                  |
                  |                  |
                  |       2026       |
                 *|     *  *  *      | *
        _________)/\\_//(\/(/\)/\//\/|_)_______

Goodbye IanCurtis the Wizard...

You died in The Gnomish Mines on dungeon level 8 with 5856 points,
and 40 pieces of gold, after 5921 moves.
You were level 8 with a maximum of 53 hit points when you died.

